 Dungeon Crawl Stone Soup version 0.29.1-15-g9cfb28693d (webtiles) character file.

Game seed: 17825537430764988984

153 hawla the Chiller (level 5, -7/38 HPs)
             Began as a Meteoran Ice Elementalist on Feb 23, 2023.
             Mangled by a gnoll
             ... wielding a +0 flail
             ... led by a gnoll bouda
              (13 damage)
             ... on level 4 of the Dungeon.
             The game lasted 00:03:16 (507 turns).

hawla the Chiller (Meteoran Ice Elementalist)        Turns: 507, Time: 00:03:17

Health: -7/38      AC:  2    Str: 10    XL:     5   Next: 93%
Magic:  1/11       EV: 12    Int: 18    God:
Gold:   37         SH:  0    Dex: 14    Spells: 2/10 levels left

rFire   . . .      SeeInvis .   (no weapon)
rCold   . . .      Faith    .   (no shield)
rNeg    . . .      Spirit   .   a - +0 robe
rPois   .          Reflect  .   (no helmet)
rElec   .          Harm     .   (no cloak)
rCorr   .          Rampage  .   (no gloves)
Will    +....                   (no boots)
Stlth   +.........              (no amulet)
HPRegen 0.12/turn               c - ring of willpower
MPRegen 0.12/turn               (no ring)

@: glowing
A: sense surroundings 1, otherworldly, glowing, explore regen
a: no special abilities


You were on level 4 of the Dungeon.
You visited 1 branch of the dungeon, and saw 4 of its levels.

You collected 37 gold pieces.

Inventory:

Armour
 a - a +0 robe (worn)
Jewellery
 c - a ring of willpower (left hand)
Scrolls
 d - a scroll of blinking
 f - a scroll of enchant armour {unknown}
 h - a scroll of identify {unknown}
Potions
 b - a potion of magic
 e - a potion of cancellation
 g - a potion of attraction {unknown}
 i - a potion of ambrosia {unknown}


   Skills:
 - Level 2.7 Dodging
 - Level 1.4 Stealth
 - Level 3.4 Spellcasting
 + Level 4.0 Conjurations
 - Level 5.4 Ice Magic


You had 2 spell levels left.
You knew the following spells:

 Your Spells              Type           Power      Damage    Failure   Level
a - Freeze                Ice            88%        1d10      1%          1
b - Frozen Ramparts       Ice            44%        1d7       4%          3
c - Hailstorm             Conj/Ice       20%        3d6       22%         4

Your spell library contained the following spells:

 Spells                   Type           Power      Damage    Failure   Level
 Ozocubu's Armour         Ice            22%        N/A       4%          3


Dungeon Overview and Level Annotations

Branches:
Dungeon (4/15) Zot: 1893
 Temple: D:4-7

Altars:


Innate Abilities, Weirdness & Mutations

You passively map a small area around you.
You are easily found by Zot.
You glow in the dark.
You regain HP and MP as you explore.


Message History

The gnolls pick up the pace!
The frozen ramparts melt away.
The gnoll hits you from afar with a +0 halberd!
Casting: Freeze (safe; 1% risk of failure)
Confirm with . or Enter, or press ? or * to list all spells.
Casting: Frozen Ramparts (dangerous; 4% risk of failure)
Press: ? - help, Dir - look around, f - activate The walls around you are covered in ice.
Your attacks no longer feel as feeble.
The wall freezes the gnoll.
The wall freezes the gnoll but does no damage.
The gnoll hits you from afar with a +0 halberd!
The wall freezes the gnoll but does no damage.
The wall freezes the gnoll.
The gnoll closely misses you.
The wall freezes the gnoll bouda.
The gnoll bouda gazes fiercely through you!
You feel your attacks grow feeble.
The wall freezes the gnoll but does no damage.
The wall freezes the gnoll!
You kill the gnoll!
The wall freezes the gnoll bouda but does no damage.
The wall freezes the gnoll bouda.
The wall freezes the gnoll.
Casting: Frozen Ramparts (dangerous; 4% risk of failure)
Confirm with . or Enter, or press ? or * to list all spells.
Aiming: Freeze (safe; 1% risk of failure)
Press: ? - help, Shift-Dir - straight line, f - gnoll bouda
Aim: a gnoll bouda, wielding a +0 club and wearing a +0 leather armour (moderately wounded)
You freeze the gnoll bouda!
The gnoll bouda is almost dead.
Your attacks no longer feel as feeble.
The wall freezes the gnoll.
The wall freezes the gnoll bouda.
You kill the gnoll bouda!
The wall freezes the gnoll.
The gnoll hits you with a +0 flail!
* * * LOW HITPOINT WARNING * * *
Your Conjurations skill increases to level 4!
It was a potion of cancellation.
Your magical effects are unravelling.
You feel magically purged.
The frozen ramparts melt away.
The gnoll hits you with a +0 flail!
You die...

############## *
#.............
#.....@.......,
#.....)g...... ,,
##########)#######
#.............#
#.............#
#.............# *
, #.............#
#.............# *
#.............# ,


You could see a gnoll (swift).

Vanquished Creatures
  A gnoll bouda (D:4)
  4 gnolls (D:4)
  7 adders
  A worm (D:2)
  An orc (D:4)
  2 ball pythons
  2 bats (D:2)
  An endoplasm (D:3)
  2 giant cockroaches
  4 goblins (D:2)
  3 kobolds
  A rat (D:3)
29 creatures vanquished.

Notes
Turn   | Place    | Note
-------+----------+-------------------------------------------
     0 | D:1      | hawla the Meteoran Ice Elementalist began the quest for the
                  | Orb.
     0 | D:1      | Reached XP level 1. HP: 14/14 MP: 5/5
    30 | D:2      | Reached XP level 2. HP: 20/20 MP: 0/6
    53 | D:2      | Reached skill level 5 in Ice Magic
    53 | D:2      | Reached XP level 3. HP: 22/26 MP: 1/8
    57 | D:2      | Learned a level 3 spell: Frozen Ramparts
   113 | D:2      | Reached XP level 4. HP: 33/33 MP: 1/10
   128 | D:2      | Learned a level 4 spell: Hailstorm
   210 | D:3      | Reached skill level 1 in Conjurations
   322 | D:3      | Reached XP level 5. HP: 35/38 MP: 6/11
   507 | D:4      | Mangled by a gnoll

Illustrated notes

Levels and vault maps discovered:
D:1:      mainiacjoe_arrival_reflecting_pool, layout_loops_ring,
          shapermc_ecumenical_altar_mp_urbaneastern
D:2:      layout_basic, chequers_serial_rivers_room_b, uniq_robin
D:3:      layout_basic, nicolae_overflow_hallway_of_the_gods, minmay_rat_hole,
          uniq_ijyb
D:4:      layout_gridville, gammafunk_ghost_grave

Skill      XL: |  1  2  3  4  5 |
---------------+----------------+-----
Spellcasting   | 3 |  3.4
Ice Magic      | 5 |  5.4
Conjurations   | 2 4 |  4.0
Dodging        | |  2.7
Stealth        | |  1.4

Action                   |  1- 3 |  4- 6 || total
-------------------------+-------+-------++-------
Melee: Unarmed           |     6 |     1 ||     7
       Punch             |     1 |       ||     1
 Cast: Freeze            |    18 |    16 ||    34
       Frozen Ramparts   |     1 |     9 ||    10
  Use: Scroll            |       |     2 ||     2
       Potion            |       |     1 ||     1
Armor: Robe              |     5 |     1 ||     6
Dodge: Dodged            |    12 |     6 ||    18
